 Dungeon Crawl Stone Soup version 0.31-a0-986-g5e6e4ef867 (webtiles) character file.

Game seed: 316980023597035802

350 AppTheSpectato the Gusty (level 6, -1/45 HPs)
             Began as a Draconian Air Elementalist on Nov 3, 2023.
             Slain by a gnoll
             ... wielding a +0 spear
              (3 damage)
             ... on level 4 of the Dungeon.
             The game lasted 00:11:57 (3560 turns).

AppTheSpectato the Gusty (DrAE)                     Turns: 3560, Time: 00:11:57

Health: -1/45      AC:  7    Str: 11    XL:     6   Next: 34%
Magic:  7/11       EV: 12    Int: 17    God:
Gold:   92         SH:  0    Dex: 11    Spells: 2/12 levels left

rFire   . . .        k - +2 quarterstaff (spect)
rCold   . . .        (shield currently unavailable)
rNeg    . . .        (body armour unavailable)
rPois   .            (helmet restricted)
rElec   .            (no cloak)
rCorr   .            (no gloves)
SInv    .            n - +0 pair of boots
Will    .....        (no amulet)
Stlth   ++           (no ring)
HPRegen 0.27/turn    (no ring)
MPRegen 0.12/turn

%: no passive effects
@: no status effects
A: AC +6, unfitting armour, cold-blooded
a: no special abilities


You were on level 4 of the Dungeon.
You visited 1 branch of the dungeon, and saw 4 of its levels.

You collected 92 gold pieces.

Inventory:

Hand Weapons
 e - a +0 vampiric falchion
 k - a +2 spectral quarterstaff (weapon)
Armour
 n - a +0 pair of boots (worn)
Wands
 m - a wand of charming (10)
Scrolls
 b - 3 scrolls of teleportation
 d - a scroll of fog {unknown}
 g - a scroll of noise
 i - a scroll of vulnerability {unknown}
 p - a scroll of identify
 r - a scroll of poison {unknown}
Potions
 a - 3 potions of magic
 f - 2 potions of curing
 j - a potion of resistance
 l - 2 potions of ambrosia
 o - 2 potions of haste
 q - 2 potions of lignification {unknown}


   Skills:
 + Level 3.4 Dodging
 - Level 1.7 Stealth
 + Level 3.5 Spellcasting
 + Level 3.2 Conjurations
 + Level 4.3 Air Magic


You had 2 spell levels left.
You knew the following spells:

 Your Spells              Type           Power      Damage    Failure   Level
a - Shock                 Conj/Air       60%        1d6       3%          1
b - Static Discharge      Conj/Air       30%        3-5/arc   5%          2
c - Swiftness             Air            17%        N/A       9%          3
d - Airstrike             Air            8%         2d(2-18)  26%         4

Your spell library contained the following spells:

 Spells                   Type           Power      Damage    Failure   Level


Dungeon Overview and Level Annotations

Branches:
Dungeon (4/15)
 Temple: D:4-7

Altars:

Shops:
D:1 !   D:4 :

Annotations:
D:4 Eustachio; tinescath's ghost, amateur GnSh


Innate Abilities, Weirdness & Mutations

Your plain brown scales are hard. (AC +6)
You cannot fit into any form of body armour.
You are cold-blooded and may be slowed by cold attacks.


Message History

The gnoll is struck by an arc of lightning.
The gnoll is severely wounded.
The lightning grounds out.
The gnoll hits you with a +0 spear. The gnoll barely misses you.
The gnoll hits you but does no damage. The gnoll closely misses you.
Casting: Static Discharge (safe; 5% risk of failure)
Press: ? - help, Q - select action, (/) - cycle Dir - look around, f - activate The gnoll is struck by an arc of lightning.
The gnoll is almost dead.
You are struck by an arc of lightning.
The lightning grounds out.
The gnoll is struck by an arc of lightning.
The gnoll is heavily wounded.
You are struck by an arc of lightning.
The lightning grounds out.
The gnoll hits you but does no damage. The gnoll closely misses you. x2
You hit the gnoll.
The gnoll is severely wounded.
The gnoll barely misses you. The gnoll closely misses you.
The gnoll hits you with a +0 flail. The gnoll barely misses you.
You barely miss the gnoll. You tail-slap the gnoll.
You kill the gnoll!
The gnoll hits you from afar with a +0 halberd.
The gnoll hits you from afar with a +0 spear.
* * * LOW HITPOINT WARNING * * *
The gnoll hits you from afar with a +0 halberd!
* * * LOW HITPOINT WARNING * * *
As you read the scroll labelled PISHIM CUTIAW, it crumbles to dust.
It is a scroll of enchant weapon.
Your +1 spectral quarterstaff glows red for a moment.
The gnoll hits you with a +0 flail.
* * * LOW HITPOINT WARNING * * *
The hobgoblin hits you but does no damage.
The gnoll closely misses you. The gnoll misses you.
As you read the scroll labelled SEKKIN HUNU, it crumbles to dust.
It is a scroll of brand weapon.
Your +0 falchion thirsts for the lives of mortals!
e - a +0 vampiric falchion The hobgoblin hits you but does no damage.
The gnoll hits you from afar with a +0 spear.
You die...

......###............
.#.....##.....#....# .
.##.....##....# ... ..
........#.....##.##..
≈≈....%....#........#
≈≈≈........##..#.####
⌠≈≈....[.###..gg.#
.........# ##..g###
⌠≈≈.....######gg@.#
≈≈≈.....##.###.##<####
≈≈..).............##.##
#.##.#..##.##....##...#
#..###.....###.#......#
....##.##...####......#
.##.#.........#......###
.#.......###...........##
.........###............#


You could see 3 gnolls, a hobgoblin and a goblin.

Vanquished Creatures
  Edmund (D:4)
  2 hounds (D:4)
  An orc priest (D:4)
  An iguana (D:4)
  A gnoll (D:4)
  4 adders
  3 dart slugs
  A worm (D:4)
  2 orcs (D:4)
  8 endoplasms
  4 giant cockroaches
  4 goblins
  3 hobgoblins
  7 jackals
  4 kobolds
  3 quokkas
  5 ball pythons
  6 bats
  3 frilled lizards
  4 rats
67 creatures vanquished.

Notes
Turn   | Place    | Note
-------+----------+-------------------------------------------
     0 | D:1      | AppTheSpectato the Draconian Air Elementalist began the
                  | quest for the Orb.
     0 | D:1      | Reached XP level 1. HP: 14/14 MP: 3/3
   298 | D:1      | Found Idirph's Distillery.
   308 | D:1      | Reached XP level 2. HP: 20/20 MP: 0/5
   944 | D:1      | Reached XP level 3. HP: 22/26 MP: 0/6
  1233 | D:2      | Learned a level 2 spell: Static Discharge
  1961 | D:3      | Reached XP level 4. HP: 33/33 MP: 4/7
  2956 | D:4      | Reached XP level 5. HP: 25/38 MP: 1/9
  2956 | D:4      | Noticed Eustachio
  3121 | D:4      | Noticed Edmund
  3136 | D:4      | Killed Edmund
  3137 | D:4      | Reached skill level 4 in Air Magic
  3137 | D:4      | Reached XP level 6. HP: 9/45 MP: 4/11
  3282 | D:4      | Learned a level 3 spell: Swiftness
  3287 | D:4      | Learned a level 4 spell: Airstrike
  3335 | D:4      | Noticed tinescath's ghost (amateur GnSh)
  3462 | D:4      | Found Ysoh's Self-Improvement Boutique.
  3559 | D:4      | HP: 1/45 [gnoll/+0 flail (2)]
  3560 | D:4      | Slain by a gnoll

Illustrated notes

Levels and vault maps discovered:
D:1:      lemuel_arrival_behind_the_door_small, layout_loops_ring, serial_shops,
          nicolae_shop_industrial_runoff
D:2:      layout_rooms
D:3:      layout_loops_corners
D:4:      layout_cave_pools, gammafunk_ghost_gnarly_gnolls,
          nicolae_shop_self_help, uniq_edmund, uniq_eustachio, uniq_robin

Skill      XL: |  1  2  3  4  5 |
---------------+----------------+-----
Dodging        | 2 3 |  3.4
Conjurations   | 2 3 |  3.2
Spellcasting   | 3 |  3.5
Air Magic      | 4 |  4.3
Stealth        | |  1.7

Action                     |  1- 3 |  4- 6 || total
---------------------------+-------+-------++-------
  Melee: Unarmed           |     6 |       ||     6
         Tailslap          |     2 |     4 ||     6
         Falchion          |    20 |       ||    20
         Quarterstaff      |     4 |    16 ||    20
   Cast: Shock             |    82 |    65 ||   147
         Static Discharge  |     1 |     4 ||     5
    Use: Scroll            |     3 |     5 ||     8
   Stab: Sleeping          |     2 |       ||     2
 Armour: Skin              |    34 |    42 ||    76
  Dodge: Dodged            |    62 |    29 ||    91

Table legend: (Time is in decaauts)
 A = Elapsed time spent in this place.
 B = Non-inter-level travel time spent in this place.
 C = Inter-level travel time spent in this place.
 D = Time resting spent in this place.
 E = Time spent auto-exploring this place.
 F = Levels seen in this place.
 G = Mean time per level.
                   A        B        C        D        E       F      G
               +--------+--------+--------+--------+--------+-----+--------+
         Total |   3576 |   3332 |    244 |    276 |   2531 |   4 |  894.0 |
       Dungeon |   3576 |   3332 |    244 |    276 |   2531 |   4 |  894.0 |
               +--------+--------+--------+--------+--------+-----+--------+

Top non-repeatable levels by time:
     D:3: 1257 daAuts
     D:1: 1032 daAuts
     D:2: 702 daAuts
     D:4: 584 daAuts
